[ AOE2 MATCH · #504627340 ]
UnrankedBerbers vs Koreans
Player's team · LOSS
Rival team · WIN
[ REPLAY ANALYSIS · EXTRACTED FROM THE RECORDED GAME ]
Feudal
10:28
Castle
—
Imperial
—
| APM avg | 67.7 |
| APM peak | 131 |
| eAPM avg | 18.1 |
| Villagers / military | 30 / 6 |
Focus
⚔️ 27.1% · 🌾 72.9%
Archer ×5 · Skirmisher ×1
Feudal
11:45
Castle
—
Imperial
—
| APM avg | 45.5 |
| APM peak | 65 |
| eAPM avg | 17.7 |
| Villagers / military | 31 / 11 |
Focus
⚔️ 32.9% · 🌾 67.1%
Militia ×5 · Skirmisher ×4 · Archer ×2
Match map
Initial resources + every placement click. Lines = walls · curves = elevation contours. ◆ gold · ⬟ stone · ● berries · ✦ relic · ◌ wall gap
Your base· Open — unwalled flank
__Mafia's base· Open — unwalled flank
Smoothed initial terrain · ◌ = detected wall gap · hover for details
Inputs per minute
— Thanos 2022 - - __Mafia
Build order — Thanos 2022
73 actions detected in the replay
| 0:01 | Queue | Villager (Male) |
| 0:01 | Queue | Villager (Male) |
| 0:01 | Queue | Villager (Male) |
| 0:02 | Build | House |
| 0:03 | Build | House |
| 0:17 | Queue | Villager (Male) |
| 1:29 | Queue | Villager (Male) |
| 1:30 | Queue | Villager (Male) |
| 1:52 | Build | Lumber Camp |
| 1:54 | Queue | Villager (Male) |
| 1:55 | Queue | Villager (Male) |
| 2:21 | Queue | Villager (Male) |
| 2:21 | Queue | Villager (Male) |
| 3:14 | Queue | Villager (Male) |
| 3:15 | Queue | Villager (Male) |
| 3:33 | Queue | Villager (Male) |
| 3:44 | Build | House |
| 4:11 | Queue | Villager (Male) |
| 4:21 | Queue | Villager (Male) |
| 4:21 | Queue | Villager (Male) |
| 5:22 | Build | House |
| 5:42 | Queue | Villager (Male) |
| 5:42 | Queue | Villager (Male) |
| 5:42 | Queue | Villager (Male) |
| 6:17 | Queue | Villager (Male) |
| 6:47 | Research | Loom |
| 6:53 | Build | Mill |
| 7:17 | Queue | Villager (Male) |
| 7:48 | Queue | Villager (Male) |
| 7:59 | Build | Barracks |
| 8:18 | Research | Feudal Age |
| 8:55 | Build | House |
| 9:46 | Build | Palisade Wall |
| 9:52 | Build | Palisade Wall |
| 9:53 | Build | Palisade Wall |
| 9:55 | Queue | Villager (Male) |
| 10:09 | Build | House |
| 10:15 | Build | Palisade Wall |
| 10:28 | Age | Feudal Age |
| 10:33 | Build | Archery Range |
| 10:47 | Queue | Villager (Male) |
| 10:54 | Build | Mining Camp |
| 10:58 | Queue | Villager (Male) |
| 11:09 | Build | Palisade Wall |
| 11:13 | Queue | Villager (Male) |
| 11:23 | Build | Mill |
| 11:26 | Queue | Villager (Male) |
| 11:30 | Queue | Archer |
| 11:40 | Build | House |
| 11:42 | Build | Palisade Wall |
| 11:44 | Research | Double-Bit Axe |
| 11:46 | Queue | Archer |
| 12:14 | Build | Farm |
| 12:23 | Queue | Archer |
| 12:47 | Build | Farm |
| 12:54 | Queue | Archer |
| 13:00 | Build | Farm |
| 13:05 | Build | Palisade Wall |
| 13:07 | Build | Palisade Wall |
| 13:12 | Build | Farm |
| 13:14 | Queue | Villager (Male) |
| 13:29 | Queue | Villager (Male) |
| 13:32 | Build | Palisade Wall |
| 13:42 | Build | Palisade Wall |
| 13:50 | Queue | Archer |
| 14:00 | Build | Farm |
| 14:06 | Build | Farm |
| 14:19 | Queue | Villager (Male) |
| 14:22 | Queue | Skirmisher |
| 14:25 | Build | Farm |
| 14:26 | Build | Farm |
| 14:35 | Build | Watch Tower |
| 14:49 | Build | Farm |
Build order — __Mafia
68 actions detected in the replay
| 0:01 | Queue | Villager (Male) |
| 0:02 | Queue | Villager (Male) |
| 0:02 | Queue | Villager (Male) |
| 0:02 | Queue | Villager (Male) |
| 0:03 | Build | House |
| 0:05 | Build | House |
| 1:33 | Queue | Villager (Male) |
| 1:33 | Queue | Villager (Male) |
| 1:57 | Build | Lumber Camp |
| 2:02 | Queue | Villager (Male) |
| 2:15 | Queue | Villager (Male) |
| 2:50 | Queue | Villager (Male) |
| 3:03 | Queue | Villager (Male) |
| 3:42 | Queue | Villager (Male) |
| 3:52 | Build | House |
| 3:53 | Build | House |
| 4:06 | Queue | Villager (Male) |
| 4:22 | Build | Mill |
| 4:45 | Queue | Villager (Male) |
| 5:12 | Research | Loom |
| 5:43 | Queue | Villager (Male) |
| 6:18 | Queue | Villager (Male) |
| 6:20 | Build | Barracks |
| 6:31 | Queue | Villager (Male) |
| 6:31 | Queue | Villager (Male) |
| 6:53 | Queue | Villager (Male) |
| 6:53 | Queue | Villager (Male) |
| 6:54 | Queue | Villager (Male) |
| 6:54 | Queue | Villager (Male) |
| 7:04 | Build | House |
| 7:23 | Queue | Militia |
| 7:24 | Queue | Militia |
| 7:34 | Queue | Militia |
| 7:45 | Build | Mill |
| 7:48 | Queue | Villager (Male) |
| 7:48 | Queue | Villager (Male) |
| 8:05 | Build | Farm |
| 8:08 | Queue | Villager (Male) |
| 8:21 | Build | Mill |
| 8:28 | Build | Farm |
| 8:29 | Queue | Villager (Male) |
| 8:58 | Build | Farm |
| 9:35 | Research | Feudal Age |
| 9:53 | Build | Mining Camp |
| 10:31 | Build | Mining Camp |
| 11:10 | Queue | Militia |
| 11:12 | Build | House |
| 11:34 | Queue | Militia |
| 11:45 | Age | Feudal Age |
| 11:53 | Research | Man-at-Arms (upgrade) |
| 12:17 | Build | Archery Range |
| 12:25 | Queue | Villager (Male) |
| 12:34 | Queue | Villager (Male) |
| 12:43 | Research | Double-Bit Axe |
| 12:52 | Queue | Villager (Male) |
| 13:02 | Queue | Skirmisher |
| 13:02 | Queue | Skirmisher |
| 13:04 | Build | Watch Tower |
| 13:11 | Queue | Villager (Male) |
| 13:17 | Queue | Skirmisher |
| 13:18 | Queue | Archer |
| 13:50 | Queue | Archer |
| 13:54 | Queue | Skirmisher |
| 14:24 | Build | Watch Tower |
| 14:29 | Queue | Villager (Male) |
| 14:35 | Build | House |
| 14:45 | Research | Town Watch |
| 15:08 | Queue | Villager (Male) |
Match timeline
| 6:20 | __Mafia · first_building Barracks |
| 7:59 | Thanos 2022 · first_building Barracks |
| 9:46 | Thanos 2022 · wall_segment Palisade Wall x1 |
| 9:52 | Thanos 2022 · wall_segment Palisade Wall x1 |
| 9:53 | Thanos 2022 · wall_segment Palisade Wall x1 |
| 10:15 | Thanos 2022 · wall_segment Palisade Wall x1 |
| 10:28 | Thanos 2022 · age_up feudal |
| 10:33 | Thanos 2022 · first_building Archery Range |
| 11:09 | Thanos 2022 · wall_segment Palisade Wall x1 |
| 11:42 | Thanos 2022 · wall_segment Palisade Wall x13 |
| 11:45 | __Mafia · age_up feudal |
| 12:17 | __Mafia · first_building Archery Range |
| 13:05 | Thanos 2022 · wall_segment Palisade Wall x1 |
| 13:07 | Thanos 2022 · wall_segment Palisade Wall x1 |
| 13:32 | Thanos 2022 · wall_segment Palisade Wall x1 |
| 13:42 | Thanos 2022 · wall_segment Palisade Wall x1 |
| 15:09 | Thanos 2022 · resign |
[ AI ANALYSIS · 1 CREDIT ]
What really happened in this match?
Wolo.gg analyzes every decision: build order, eco, micro, common mistakes by bracket. Personalized analysis on WhatsApp or Discord in 30 seconds.
Civ guide
Berbers
Perfil
Jugador #3898686